 Dungeon Crawl Stone Soup version 0.21.1-1-g345015f (webtiles) character file.

25 letownia2 the Charmwright (level 3, 0/40 HPs)
             Began as a Merfolk Skald on Mar 16, 2018.
             Succumbed to an adder's poison
             ... on level 3 of the Dungeon.
             The game lasted 00:02:34 (407 turns).

letownia2 the Charmwright (Merfolk Skald)            Turns: 407, Time: 00:02:35

Health: 0/40       AC: 21    Str: 12    XL:     3   Next: 6%
Magic:  3/6        EV:  2    Int: 17    God:
Gold:   6          SH:  0    Dex: 13    Spells: 0/6 levels left

rFire    . . .     SeeInvis .   a - +0 spear
rCold    . . .     Gourm    .   (no shield)
rNeg     + + +     Faith    .   (armour currently unavailable)
rPois    +         Spirit   .   (helmet currently unavailable)
rElec    .         Reflect  .   (cloak currently unavailable)
rCorr    .         Harm     .   (gloves currently unavailable)
MR       .....     NoTele   +   (boots currently unavailable)
Stlth    +.........             (no amulet)
HPRegen  0.13/turn              (no ring)
MPRegen  0.10/turn              (no ring)

@: brilliant, lethally poisoned (0 -> -3), tree-form, shrouded (expiring),
hasted, very quick
A: (change form in water), (swift swim), (stealthy swim)
a: no special abilities


You were on level 3 of the Dungeon.
You were not hungry.
You were a tree.
You visited 1 branch of the dungeon, and saw 3 of its levels.

You collected 6 gold pieces.

Inventory:

Hand Weapons
 a - a +0 spear (weapon)
Missiles
 f - 51 sling bullets
Armour
 b - a +0 leather armour (melded)
Scrolls
 e - a scroll of identify {unknown}
 i - a scroll of teleportation {unknown}
Books
 c - a book of Battle

   Spells                             Type                      Level
   a - Infusion                       Charms                       1
   b - Shroud of Golubria             Charms/Translocation         2
   c - Song of Slaying                Charms                       2
   d - Spectral Weapon                Hexes/Charms                 3
   e - Regeneration                   Charms/Necromancy            3
Comestibles
 d - 3 rations


   Skills:
 - Level 2.1 Fighting
 - Level 3.4 Polearms
 - Level 0.6 Armour
 - Level 2.6 Dodging
 - Level 2.0 Spellcasting
 + Level 0.0 Hexes
 + Level 4.1 Charms
 + Level 0.6 Translocations


You couldn't memorise any spells.
You knew the following spells:

 Your Spells              Type           Power        Failure   Level  Hunger
a - Infusion              Chrm           ####         1%          1    #......
t - Shroud of Golubria    Chrm/Tloc      ###.......   1%          2    ###....
x - Spectral Weapon       Hex/Chrm       ###.....     3%          3    ###....


Dungeon Overview and Level Annotations

Branches:
Dungeon (3/15)

Altars:


Message History

Attack whom?
Press: ? - help, Dir - move target cursor, f/p - adder
Aim: an adder (lightly wounded)
You hit the adder but do no damage.
The adder is lightly wounded.
Your shroud begins to fray at the edges.
The adder bites you but does no damage.
Unknown command.
Attack whom?
Press: ? - help, Dir - move target cursor, f/p - adder
Aim: an adder (lightly wounded)
You miss the adder.
The adder is lightly wounded.
Unknown command.
Attack whom?
Press: ? - help, Dir - move target cursor, f/p - adder
Aim: an adder (lightly wounded)
You hit the adder.
The adder is moderately wounded.
You die...

.# ## ##.. #.
.#. #.#.. ...
#.## ####g.# #
# #<♣SK.#.#...#
#####........
#.......#!##..#
######.## # #.
.. ##. #. ##


You could see an adder, a goblin and a kobold.

Vanquished Creatures
  An adder (D:2)
  A dart slug (D:1)
  2 giant cockroaches (D:1)
  A goblin (D:1)
  4 hobgoblins
  2 kobolds
  A bat (D:2)
  2 rats
14 creatures vanquished.

Notes
Turn   | Place    | Note
-------+----------+-------------------------------------------
     0 | D:1      | letownia2 the Merfolk Skald began the quest for the Orb.
     0 | D:1      | Reached XP level 1. HP: 16/16 MP: 3/3
     0 | D:1      | Noticed a minotaur skeleton
    12 | D:1      | Noticed a spriggan
    12 | D:1      | Noticed an ogre
    14 | D:1      | Noticed a formicid
    15 | D:1      | Noticed a human
    15 | D:1      | Noticed a merfolk zombie
    17 | D:1      | Noticed a minotaur
    17 | D:1      | Noticed a vampire
    17 | D:1      | Noticed a spriggan
    21 | D:1      | Noticed a spriggan
   157 | D:1      | Reached XP level 2. HP: 9/22 MP: 0/5
   225 | D:1      | Learned a level 2 spell: Shroud of Golubria
   260 | D:2      | HP: 1/22 [hobgoblin/club (1)]
   318 | D:2      | Reached skill level 4 in Charms
   318 | D:2      | Reached XP level 3. HP: 6/27 MP: 0/6
   323 | D:2      | Learned a level 3 spell: Spectral Weapon
   396 | D:3      | HP: 2/40 [poisoned by an adder]
   402 | D:3      | HP: 1/40 [poisoned by an adder]
   407 | D:3      | Succumbed to an adder's poison

Skill      XL: |  1  2 |
---------------+-------+-----
Charms         | 4 |  4.1
Fighting       | |  2.1
Polearms       | |  3.4
Armour         | |  0.6
Dodging        | |  2.6
Spellcasting   | |  2.0
Translocations | |  0.6

Action                   || total
-------------------------++-------
Melee: Spear             ||    84
 Cast: Infusion          ||     9
       Shroud of Golubri ||     3
  Use: Potion            ||     3
Armor: Leather armour    ||    11
       Skin              ||    11
Dodge: Dodged            ||    29
